 Dungeon Crawl Stone Soup version 0.22-a0-417-g1387785 (webtiles) character file.

34 Kairos the Chopper (level 3, 27/27 HPs)
             Began as a Demonspawn Gladiator on May 14, 2018.
             Quit the game on level 1 of the Dungeon.
             The game lasted 00:01:21 (1647 turns).

Kairos the Chopper (Demonspawn Gladiator)           Turns: 1647, Time: 00:01:21

Health: 27/27      AC:  7    Str: 15    XL:     3   Next: 14%
Magic:  3/3        EV: 12    Int: 11    God:
Gold:   107        SH:  0    Dex: 14    Spells: 2/2 levels left

rFire    . . .     SeeInvis .   a - +0 war axe
rCold    . . .     Gourm    .   (no shield)
rNeg     . . .     Faith    .   g - +0 ring mail
rPois    .         Spirit   .   (helmet restricted)
rElec    .         Reflect  .   (no cloak)
rCorr    .         Harm     .   (no gloves)
MR       .....     Rnd*Tele +   (no boots)
Stlth    +.........             (no amulet)
HPRegen  0.09/turn              e - +2 ring of intelligence
MPRegen  0.08/turn              n - ring of teleportation (curse)

@: no status effects
A: antennae 1, slimy green scales 1
a: no special abilities


You were on level 1 of the Dungeon.
You were very hungry.

You visited 1 branch of the dungeon, and saw 1 of its levels.

You collected 107 gold pieces.

Inventory:

Hand Weapons
 a - a +0 war axe (weapon)
Missiles
 d - 3 throwing nets (quivered)
Armour
 b - a +0 leather armour
 c - a +0 helmet
 g - a +0 ring mail (worn)
Jewellery
 e - a +2 ring of intelligence (left hand)
 n - a cursed ring of teleportation (right hand)
Potions
 i - a potion of curing
Comestibles
 f - 3 rations


   Skills:
 + Level 2.1 Fighting
 + Level 3.2 Axes
 + Level 1.9 Throwing
 + Level 0.7 Armour
 + Level 3.1 Dodging
 + Level 0.2 Stealth


You had 2 spell levels left.
You didn't know any spells.
Your spell library was empty.

Dungeon Overview and Level Annotations

Branches:
Dungeon (1/15)

Altars:


Innate Abilities, Weirdness & Mutations

You have a pair of small antennae on your head.
You are partially covered in slimy green scales. (AC +2)


Message History

No target in view!
Done exploring.
No target in view!
Done exploring.
Done exploring.
As you read the scroll labeled HIRISATOIW, it crumbles to dust.
You assume a fearsome visage.
Nothing appears to happen.
It was a scroll of fear.
As you read the scroll labeled LOIMUL KISOSO, it crumbles to dust.
You feel strangely unstable.
It was a scroll of teleportation.
As you read the scroll labeled QUOKUH CAYP, it crumbles to dust.
The scroll dissolves into smoke.
It was a scroll of fog.
As you read the scroll labeled ORRIAREJYH, it crumbles to dust.
The air around you briefly surges with heat, but it dissipates.
It was a scroll of immolation.
As you read the scroll labeled ACKOG RUUSS, it crumbles to dust.
The dust glows faint rubric!
It was a scroll of random uselessness.
It was a potion of curing.
You feel better.
Your surroundings suddenly seem different.
Are you sure you want to abandon this character and quit the game? (Confirm with "yes".)

.#.###.##.........#..............
.......##..#####..#...........###
.#.###.##......).................
##.# #.###.#.###...........#..#.#
##.###.###.#.###..#..#.....#..#.#
.................................
.....#.###.#.###.....##....#.##.#
#..#..(........#.................
................@................
#..#.#.###.###......####...######
#....(.###.#........####...# #
#.##.#.#.........>..#......######
#.##.#.#.#.#..........##........#
#.....................##...##....
#.##.###.#.#.###...#..##...##.#.#
...........#.# #...#..##...##.#.#
#.##.###.###.# ##..#..##...##.#.#


There were no monsters in sight!

Vanquished Creatures
  An ooze (D:1)
  2 dart slugs (D:1)
  2 leopard geckos (D:1)
  A giant cockroach (D:1)
  3 goblins (D:1)
  2 hobgoblins (D:1)
  2 jackals (D:1)
  A ball python (D:1)
  4 bats (D:1)
  2 frilled lizards (D:1)
  2 kobolds (D:1)
  2 rats (D:1)
24 creatures vanquished.

Notes
Turn   | Place    | Note
-------+----------+-------------------------------------------
     0 | D:1      | Kairos the Demonspawn Gladiator began the quest for the Orb.
     0 | D:1      | Reached XP level 1. HP: 16/16 MP: 1/1
   345 | D:1      | Gained mutation: You have a pair of small antennae on your head. [demonic ancestry]
   345 | D:1      | Reached XP level 2. HP: 22/22 MP: 2/2
  1147 | D:1      | Gained mutation: You are partially covered in slimy green scales. (AC +2) [demonic ancestry]
  1147 | D:1      | Reached XP level 3. HP: 25/27 MP: 3/3
  1647 | D:1      | Quit the game

Vault maps used:
D:1:      lightli_arrival_maybe_door_vault

Skill      XL: |  1  2 |
---------------+-------+-----
Axes           | 3 |  3.2
Dodging        | 3 |  3.1
Fighting       | |  2.1
Throwing       | |  1.9
Armour         | |  0.7
Stealth        | |  0.2

Action                   || total
-------------------------++-------
Melee: War axe           ||    63
  Use: Scroll            ||     5
       Potion            ||     1
  Eat: Chunk             ||     1
Armor: Ring mail         ||    14
       Leather armour    ||     4
Dodge: Dodged            ||    60

Table legend:
 A = Spawn XP
 B = Non-spawn XP
 C = Spawn XP percentage of total XP
 D = Spawn monster count
 E = Non-spawn monster count
 F = Spawn count percentage of total count
 G = Total turns spent on level
                    A         B        C        D         E        F      G
               +---------+---------+-------+---------+---------+-------+---------
         Total |       0 |      49 |   0.0 |       0 |      24 |   0.0 |  1647
               +---------+---------+-------+---------+---------+-------+---------
           D:1 |       0 |      49 |   0.0 |       0 |      24 |   0.0 |  1647
               +---------+---------+-------+---------+---------+-------+---------
